Unix NetHack Version 3.7.0-90 Work-in-progress - last build Dec 4 2023 15:25:40 (a4ad6ea61a8c493010e15c9251bbb19a34919cb7,branch:master). Game began 2023-12-05 21:50:00, ended 2023-12-05 21:54:05. elenmirie, neutral female human Priestess -- |.--- ...| -..-- |...| --...| ---....| |.....-- --|.....--- ----.--..G@..-- --.............-- |...............--- |........G..........| --.-.|.........------ . --.........| -- --.......... ............. -.--..........| -------.--...-- -- ---- Elenmirie the Aspirant St:12 Dx:13 Co:13 In:11 Wi:15 Ch:11 Neutral Dlvl:5 $:18 HP:0(20) Pw:22(22) AC:7 Xp:2/35 T:1096 Latest messages: You hear the footsteps of a guard on patrol. You find a hidden passage. You swap places with Coco. You miss the newt. The newt bites! You kill the newt! You stop. Coco is in the way! You swap places with Coco. You descend the stairs. You climb up the stairs. You descend the stairs. You swap places with Coco. Coco bites the gnome. The gnome is killed! You see here an uncursed scroll labeled MAPIRO MAHAMA DIROMAT. The gnome thrusts one of his daggers. The gnome hits! You kill the gnome! s - an uncursed scroll labeled MAPIRO MAHAMA DIROMAT. t - an uncursed food ration. Suddenly, the gnome falls through a trap door. The gnome wields 3 uncursed daggers! The gnome thrusts one of her daggers. The gnome hits! You hit the gnome! You kill the gnome! u - 3 uncursed daggers. There is an uncursed gnome corpse here; eat it? [ynq] (n) y This gnome corpse is tough. You finish eating the gnome corpse. A trap door opens up under you! You fall down a shaft! The gnome wields a blessed bow! The gnome lord picks up an uncursed gem. You see here an uncursed key. v - an uncursed key. What do you want to adjust? [a-v or ?*] v Adjust letter to what [v-zA-Z] (? see used letters)? e Swapping: e - an uncursed key. The gnome picks up 2 uncursed yellow gems. You hit the gnome lord. The gnome lord hits! You hit the gnome lord. The gnome lord hits! You die... Do you want your possessions identified? [ynq] (y) y Do you want to see your attributes? [ynq] (y) y Do you want an account of creatures vanquished? [ynaq] (y) y Do you want to see your conduct and achievements? [ynq] (y) y Do you want to see the dungeon overview? [ynq] (y) y Inventory: Coins $ - 18 gold pieces Weapons u - 3 uncursed +0 daggers a - a blessed +1 mace (weapon in right hand) Armor c - an uncursed +0 small shield (being worn) n - an uncursed +0 cloak of displacement b - an uncursed +0 robe (being worn) Comestibles v - an uncursed clove of garlic p - an uncursed cram ration t - an uncursed food ration f - an uncursed sprig of wolfsbane Scrolls s - an uncursed scroll of destroy armor q - an uncursed scroll of light Spellbooks g - an uncursed spellbook of healing h - an uncursed spellbook of identify j - an uncursed spellbook of jumping Potions l - an uncursed potion of extra healing m - a blessed potion of gain level k - an uncursed potion of healing r - an uncursed potion of invisibility o - an uncursed potion of levitation d - 4 potions of holy water i - an uncursed potion of water Tools e - an uncursed skeleton key Elenmirie the Priestess's attributes: Background: You were an Aspirant, a level 2 human Priestess. You were neutral, nominally on a mission for Chih Sung-tzu who was opposed by Shan Lai Ching (lawful) and Huan Ti (chaotic). You were right-handed. You were in the Gnomish Mines, on level 5. You entered the dungeon 1096 turns ago. You had 35 experience points, 5 more were needed to attain level 3. Basics: You had 0 out of 20 hit points. You had all 22 energy points (spell power). Your armor class was 7. Your wallet contained 18 zorkmids. Autopickup was on for '$' plus thrown. Final Characteristics: Your strength was 12 (limit:18/100). Your dexterity was 13 (limit:18). Your constitution was 13 (limit:18). Your intelligence was 11 (limit:18). Your wisdom was 15 (limit:18). Your charisma was 11 (limit:18). Final Status: You weren't hungry. You were unencumbered. You were wielding a mace. You had basic skill with mace. Final Attributes: You were stridently aligned. You were guarded. You are dead. Miscellaneous: You never encountered a bones level. Total elapsed playing time was 4 minutes and 5 seconds. Major events: Turn 1: elenmirie the neutral human Priestess entered the dungeon 944: entered the Gnomish Mines 1096: killed by a gnome lord Vanquished creatures: 4 gnomes 4 jackals 2 foxes a sewer rat 4 grid bugs a lichen 6 newts 22 creatures vanquished. No species were genocided or became extinct. Voluntary challenges: You were an atheist. You read items or engraved 2 times. You never engraved Elbereth. You never genocided any monsters. You never polymorphed an object. You never changed form. You used no wishes. Achievement: You entered the Gnomish Mines. The Dungeons of Doom: levels 1 to 3 Level 1: A fountain. Level 2: A sink. Stairs down to The Gnomish Mines. Level 3: The Gnomish Mines: levels 3 to 5 Level 3: Level 5: <- You were here. Final resting place for you, killed by a gnome lord. Game over: ---------- / \ / REST \ / IN \ / PEACE \ / \ | elenmirie | | 18 Au | | killed by a | | gnome lord | | | | | | 2023 | *| * * * | * _________)/\\_//(\/(/\)/\//\/|_)_______ Goodbye elenmirie the Priestess... You died in The Gnomish Mines on dungeon level 5 with 357 points, and 18 pieces of gold, after 1096 moves. You were level 2 with a maximum of 20 hit points when you died.